 Dungeon Crawl Stone Soup version 0.26-b1-32-g5d43845318 (webtiles) character file.

Game seed: 15852404759918948657

1012 Anon1729 the Ruffian (level 8, -7/52 (59) HPs)
             Began as a Pale Draconian Transmuter on Jan 5, 2021.
             Mangled by a wight
             ... wielding a +4 spear
              (11 damage)
             ... on level 5 of the Dungeon.
             The game lasted 00:06:22 (5931 turns).

Anon1729 the Ruffian (Pale Draconian Transmuter)    Turns: 5931, Time: 00:06:22

HP:   -7/52 (59)    AC:  7    Str: 13    XL:     8   Next: 1%
MP:   10/11         EV: 12    Int: 15    God:
Gold: 307           SH:  0    Dex: 12    Spells: 2/12 levels left

rFire    + + .     SeeInvis .     - Unarmed
rCold    + + .     Faith    .   (no shield)
rNeg     . . .     Spirit   .   (armour unavailable)
rPois    .         Reflect  .   (helmet restricted)
rElec    .         Harm     .   u - scarf {rC+ rF+}
rCorr    .         Rampage  .   s - +0 pair of gloves
Will     .....                  (no boots)
Stlth    +.........             w - amulet of magic regeneration
HPRegen  0.17/turn              j - ring of protection from cold
MPRegen  0.37/turn              i - ring of protection from fire

@: flying, very slightly contaminated, heavily drained
A: breathe steam, unfitting armour, cold-blooded, AC +6
a: Breathe Steam


You were on level 5 of the Dungeon.
You visited 1 branch of the dungeon, and saw 6 of its levels.

You collected 307 gold pieces.

Inventory:

Armour
 s - a +0 pair of gloves (worn)
 u - a scarf of resistance (worn)
Jewellery
 h - an uncursed ring of wizardry
 i - a ring of protection from fire (right hand)
 j - a ring of protection from cold (left hand)
 w - an amulet of magic regeneration (around neck)
Wands
 o - a wand of iceblast (15)
 t - a wand of paralysis (8)
 v - a wand of flame (10)
Scrolls
 a - 2 scrolls of remove curse
 b - 6 scrolls of identify
 c - 2 scrolls of magic mapping {unknown}
 d - 2 scrolls of blinking {unknown}
 f - 4 scrolls of fog {unknown}
 l - a scroll of random uselessness {unknown}
 p - a scroll of teleportation {unknown}
 y - a scroll of noise {unknown}
Potions
 e - 2 potions of curing {unknown}
 g - a potion of might {unknown}
 k - a potion of brilliance {unknown}
 m - 3 potions of heal wounds {unknown}
 n - a potion of lignification {unknown}
 q - 2 potions of flight
 r - a potion of ambrosia {unknown}
 x - a potion of attraction {unknown}
 z - a potion of degeneration {unknown}


   Skills:
 - Level 1.1 Fighting
 - Level 1.7 Dodging
 + Level 7.9 Unarmed Combat
 - Level 2.5 Spellcasting
 + Level 5.6 Transmutations
 + Level 0.8 Ice Magic


You had 2 spell levels left.
You knew the following spells:

 Your Spells              Type           Power        Failure   Level
a - Beastly Appendage     Tmut           36%          1%          1
b - Wereblood             Tmut           18%          3%          2
c - Spider Form           Tmut/Pois      5%           21%         3
d - Ice Form              Ice/Tmut       11%          50%         4

Your spell library contained the following spells:

 Spells                   Type           Power        Failure   Level
 Blade Hands              Tmut           9%           50%         5


Dungeon Overview and Level Annotations

Branches:
Dungeon (6/15)
 Temple: D:4-7

Altars:

Shops:
D:5 (


Innate Abilities, Weirdness & Mutations

You can breathe blasts of scalding, opaque steam.
Your pale cyan-grey scales are hard. (AC +6)
You cannot fit into any form of body armour.
You are cold-blooded and may be slowed by cold attacks.


Message History

* * * LOW HITPOINT WARNING * * *
You feel drained.
You closely miss the wight.
Your tail-slap misses the wight.
The wight is heavily damaged.
You have got your breath back.
The wight barely misses you. The wight misses you.
Unknown command.
You closely miss the wight.
The wight is heavily damaged.
The wight barely misses you.
Unknown command.
You closely miss the wight.
The wight is heavily damaged.
The wight hits you with a cursed +3 halberd!
* * * LOW HITPOINT WARNING * * *
Unknown command.
It was a potion of flight.
You feel very buoyant.
You fly up into the air.
The wight hits you with a +4 spear!
You die...

.....##.####...#.#...#
###...#....#...#.###.#
......####.#......##.#
#####....#.#.#.#####.#
####...#.#.#.....#
#####.#.#.##### ♣♣♣♣♣
#.#.#.# ....♣♣♣
#.#.#z#
.♣♣♣..♣♣♣♣♣#.#.#@# ♣♣
♣♣♣.......#<#z#
♣♣......#...#
♣♣♣♣♣#.##### #.# #.#
#.# ###### #.# #....#
#.# #.##.#


You could see 2 wights.

Vanquished Creatures
  A phantom (D:5)
  A black bear (D:3)
  An ogre (D:4)
  A bullfrog (D:5)
  A water moccasin zombie (D:5)
  A scorpion (D:4)
  2 howler monkeys
  2 wights
  4 hounds
  2 bullfrog skeletons (D:4)
  3 orc priests (D:5)
  2 worker ants (D:4)
  2 adders
  A gnoll (D:4)
  2 oozes
  A worm (D:4)
  4 dart slugs (D:1)
  4 orcs
  8 bats
  2 giant cockroaches
  9 goblins
  5 hobgoblins
  8 jackals
  8 kobolds
  4 ball pythons
  6 frilled lizards
  5 rats (D:1)
90 creatures vanquished.

Vanquished Creatures (others)
  6 plants (D:1)
6 creatures vanquished.

Grand Total: 96 creatures vanquished

Notes
Turn   | Place    | Note
-------+----------+-------------------------------------------
     0 | D:1      | Anon1729 the Draconian Transmuter began the quest for the
                  | Orb.
     0 | D:1      | Reached XP level 1. HP: 16/16 MP: 3/3
    46 | D:1      | Reached XP level 2. HP: 17/23 MP: 3/5
   604 | D:1      | Reached XP level 3. HP: 28/28 MP: 6/6
   987 | D:1      | Reached skill level 4 in Unarmed Combat
  1767 | D:2      | Reached XP level 4. HP: 27/35 MP: 7/7
  2285 | D:3      | Noticed a black bear
  2300 | D:3      | Killed a black bear
  2301 | D:3      | Reached skill level 5 in Unarmed Combat
  2301 | D:3      | Reached XP level 5. HP: 3/40 MP: 8/8
  3283 | D:4      | Noticed a sky beast
  3283 | D:4      | Noticed an ice beast
  3437 | D:4      | Reached skill level 6 in Unarmed Combat
  3523 | D:4      | Reached XP level 6. HP: 39/47 MP: 9/9
  3588 | D:4      | Learned a level 2 spell: Wereblood
  3601 | D:4      | Learned a level 3 spell: Spider Form
  4269 | D:4      | Reached skill level 7 in Unarmed Combat
  4269 | D:4      | Your scales start taking on a pale cyan-grey colour.
  4269 | D:4      | Reached XP level 7. HP: 52/52 MP: 6/10
  4286 | D:5      | Entered Level 5 of the Dungeon
  4344 | D:5      | Found Fir Wouly's Weapon Shoppe.
  4909 | D:5      | Reached skill level 5 in Transmutations
  5622 | D:5      | Learned a level 4 spell: Ice Form
  5789 | D:5      | Reached XP level 8. HP: 35/59 MP: 11/11
  5931 | D:5      | Mangled by a wight

Illustrated notes

Levels and vault maps discovered:
D:1:      minmay_arrival_wavy_path, layout_basic, serial_forest,
          infiniplex_forest_clump_cross, infiniplex_forest_straight_4,
          infiniplex_forest_end_double, infiniplex_forest_lined_corner,
          infiniplex_forest_lined_ring, infiniplex_forest_clump_small,
          infiniplex_forest_side_room, infiniplex_forest_straight_1,
          infiniplex_forest_clump_small, minmay_surrounded
D:2:      layout_rooms, kennysheep_generic_room_10
D:3:      layout_loops_corners, minmay_misc_feat_more_columns
D:4:      layout_basic, minmay_temple_entry_stoned_glass, cheibrodos_gnoll_hut
D:5:      kb_forest_paths, layout_basic, serial_shops, shop_coins
D:6:      layout_layer_cave, serial_shops, shop,
          minmay_fractal_squares_gapless_5

Skill      XL: |  1  2  3  4  5  6  7 |
---------------+----------------------+-----
Unarmed Combat | 4 5 6 7 |  7.9
Transmutations | 4 5 |  5.6
Fighting       | |  1.1
Dodging        | |  1.7
Spellcasting   | |  2.5
Ice Magic      | |  0.8

Action                   |  1- 3 |  4- 6 |  7- 9 || total
-------------------------+-------+-------+-------++-------
Melee: Unarmed           |   191 |   137 |    92 ||   420
       Tailslap          |    23 |    17 |    12 ||    52
       Kick              |     1 |     7 |     2 ||    10
       Headbutt          |     1 |     3 |       ||     4
       Punch             |     2 |     7 |       ||     9
 Cast: Beastly Appendage |     1 |     2 |     1 ||     4
       Spider Form       |       |     3 |     3 ||     6
 Abil: Breathe Steam     |       |       |     3 ||     3
  Use: Scroll            |       |       |     2 ||     2
       Potion            |       |       |     1 ||     1
 Stab: Sleeping          |     1 |     1 |       ||     2
Armor: Skin              |    80 |    35 |    26 ||   141
Dodge: Dodged            |   176 |    96 |    56 ||   328
